 Dungeon Crawl Stone Soup version 0.27-a0-1200-g94dc6ad4cf (webtiles) character file.

Game seed: 5669667642636137950

4142 pokeman the Thaumaturge (level 10, -2/56 HPs)
             Began as a Deep Elf Hedge Wizard on June 1, 2021.
             Slain by a yak (9 damage)
             ... on level 9 of the Dungeon.
             The game lasted 00:25:44 (11512 turns).

pokeman the Thaumaturge (Deep Elf Hedge Wizard)    Turns: 11512, Time: 00:25:45

Health: -2/56      AC:  7    Str:  7    XL:     10   Next: 7%
Magic:  25/37      EV: 12    Int: 23    God:
Gold:   400        SH:  0    Dex: 14    Spells: 22/34 levels left

rFire    + . .     SeeInvis .   g - +2 dagger (elec)
rCold    x . .     Faith    .   (no shield)
rNeg     . . .     Spirit   .   r - +3 leather armour
rPois    .         Reflect  .   b - +0 helmet
rElec    .         Harm     .   (no cloak)
rCorr    .         Rampage  .   (no gloves)
Will     +....                  (no boots)
Stlth    ++........             i - amulet of the acrobat
HPRegen  0.18/turn              j - ring of fire
MPRegen  0.25/turn              L - ring of magical power

@: very slightly contaminated, studying Hexes
A: no striking features
a: no special abilities


You were on level 9 of the Dungeon.
You visited 2 branches of the dungeon, and saw 10 of its levels.

You collected 535 gold pieces.
You spent 135 gold pieces at shops.

Inventory:

Hand Weapons
 g - a +2 dagger of electrocution (weapon)
 s - a +1 rapier of venom
 G - a +0 shortbow
Missiles
 e - 170 arrows
 f - 45 bolts
 w - a curare-tipped dart
Armour
 b - a +0 helmet (worn)
 r - a +3 leather armour (worn)
Magical Staves
 l - a staff of fire
 B - a staff of death
Jewellery
 i - an amulet of the acrobat (around neck)
 j - a ring of fire (left hand)
 A - a ring of wizardry
 E - a ring of willpower
 K - a +6 ring of strength
 L - a ring of magical power (right hand)
Wands
 x - a wand of iceblast (10)
 C - a wand of flame (5)
 J - a wand of charming (6)
Scrolls
 d - a scroll of brand weapon {unknown}
 h - 2 scrolls of amnesia {unknown}
 k - 3 scrolls of identify
 m - a scroll of fog {unknown}
 n - 3 scrolls of teleportation
 p - a scroll of noise {unknown}
 v - a scroll of torment {unknown}
 y - a scroll of enchant weapon {unknown}
 z - a scroll of fear {unknown}
 D - a scroll of magic mapping
 I - a scroll of immolation {unknown}
 N - a scroll of enchant armour {unknown}
Potions
 a - 2 potions of might {unknown}
 c - 2 potions of heal wounds {unknown}
 o - 2 potions of brilliance {unknown}
 q - a potion of attraction {unknown}
 t - 2 potions of lignification {unknown}
 u - 3 potions of curing
 F - 2 potions of degeneration {unknown}
 H - a potion of haste {unknown}
 M - a potion of cancellation {unknown}


   Skills:
 + Level 3.9 Fighting
 - Level 3.0 Armour
 - Level 3.0 Dodging
 - Level 3.0 Stealth
 * Level 12.5 Spellcasting
 + Level 7.1 Conjurations
 - Level 1.1 Summonings
 - Level 1.1 Translocations
 + Level 6.2 Fire Magic
 - Level 1.0 Air Magic
 - Level 1.3 Poison Magic
 - Level 1.2 Evocations


You had 22 spell levels left.
You knew the following spells:

 Your Spells              Type           Power      Damage    Failure   Level
a - Magic Dart            Conj           100%       1d8       1%          1
b - Mephitic Cloud        Conj/Pois/Air  29%        N/A       5%          3
c - Call Imp              Summ           19%        N/A       6%          2
d - Blink                 Tloc           N/A        N/A       6%          2
e - Conjure Flame         Conj/Fire      61%        6-21      1%          3
f - Apportation           Tloc           38%        N/A       4%          1

Your spell library contained the following spells:

 Spells                   Type           Power      Damage    Failure   Level
 Summon Small Mammal      Summ           76%        N/A       4%          1
 Animate Skeleton         Necr           28%        N/A       6%          1
 Corona                   Hex            15%        N/A       6%          1
 Freeze                   Ice            56%        1d7       6%          1
 Slow                     Hex            14%        N/A       10%         2
 Hailstorm                Conj/Ice       30%        3d8       14%         4
 Frozen Ramparts          Ice            28%        1d4       19%         3
 Ozocubu's Armour         Ice            14%        N/A       19%         3
 Metabolic Englaciation   Hex/Ice        7%         N/A       87%         5


Dungeon Overview and Level Annotations

Branches:
Dungeon (9/15)             Temple (1/1) D:5
   Lair: D:8-11         Orc: D:9-12

Altars:
Cheibriados
Elyvilon
Fedhas
Gozag
Hepliaklqana
Kikubaaqudgha
Nemelex Xobeh
Qazlal
Ru
Sif Muna
Trog
Uskayaw
Yredelemnul
Zin
The Shining One

Shops:
D:4 *   D:5 *?(((

Annotations:
D:4 2 transporters, bisexualwizard's ghost, amateur MfGl
D:6 2 transporters, Menkaure
D:7 2 transporters, 3 runed translucent doors, bilbop's ghost, novice MiFi; iNFECTIOUSiTCH's ghost, novice OpBe; krigyl's ghost, amateur TrAr


Message History

Unknown command.
You barely miss the yak.
The yak is engulfed in noxious fumes.
The yak appears confused.
The yak is engulfed in noxious fumes.
The yak appears confused.
You hit the yak.
The yak is almost dead.
The yak gores you.
You hit the yak. Lightning courses through the yak!
The yak is moderately wounded.
You strike the helpless yak from behind!
You puncture the yak!
The yak is severely wounded.
You barely miss the yak.
The yak is heavily wounded.
The yak closely misses you.
You hit the yak but do no damage.
The yak is heavily wounded.
The yak seems less confused.
The yak barely misses you. The yak gores you but does no damage.
You hit the yak but do no damage.
The yak is almost dead.
The yak closely misses you. The yak gores you! The yak misses you.
The yak closely misses you.
You hit the yak but do no damage.
The yak is almost dead.
The yak gores you!
* * * LOW HITPOINT WARNING * * *
The yak barely misses you.
The yak gores the yak.
Unknown command.
Casting: Mephitic Cloud (dangerous; 5% risk of failure)
Confirm with . or Enter, or press ? or * to list all spells.
You miscast Blink.
You are very lightly contaminated with residual magic.
Nothing appears to happen.
The yak gores you.
* * * LOW HITPOINT WARNING * * *
The yak barely misses you.
Casting: Blink (safe; 6% risk of failure)
Confirm with . or Enter, or press ? or * to list all spells.
You miscast Blink.
Nothing appears to happen.
The yak gores you!
You die...

######## #
####......##.#
.####..........#.#
...#.............# ####
................# ##...
#...........<..# ##....
#..............# #.....
#....[.Y.......# ##..<..
#......@.......# #......
#......Y.......###......
###.......<..##.#.......
###..Y.....##.#.......
#.........####.(......
#.######### #.....)..
##### #.# ##.#.....
..Y...#.# #..##...
#.....# ##.# ##.


You could see 3 yaks.

Vanquished Creatures
  A two-headed ogre (D:8)
  An ugly thing (D:6)
  Edmund (D:6)
  3 ice beasts
  A sky beast (D:6)
  2 black bears (D:6)
  A necrophage (D:6)
  3 orc warriors
  2 ogres (D:5)
  4 centaurs
  A phantom (D:7)
  A kobold brigand (D:4)
  2 bullfrogs
  A wyvern skeleton (D:7)
  A water moccasin skeleton (D:3)
  2 water moccasin zombies
  6 wights (D:7)
  A centaur zombie (D:8)
  A howler monkey (D:6)
  A bullfrog zombie (D:6)
  2 hounds (D:4)
  A bullfrog skeleton (D:6)
  3 orc priests
  A jelly (D:5)
  A gnoll shaman (D:4)
  An iguana (D:6)
  Terence (D:2)
  5 orc wizards
  A killer bee zombie (D:3)
  A hound zombie (D:5)
  7 adders
  10 gnolls
  3 white imps
  2 worms (D:3)
  3 dart slugs
  19 orcs
  11 endoplasms
  6 giant cockroaches
  7 goblins
  8 hobgoblins
  2 kobolds
  6 quokkas
  9 ball pythons
  5 bats
  2 frilled lizards (D:2)
  5 rats
158 creatures vanquished.

Vanquished Creatures (collateral kills)
  2 water moccasins (D:7)
2 creatures vanquished.

Vanquished Creatures (others)
  4 withered plants (D:7)
4 creatures vanquished.

Grand Total: 164 creatures vanquished

Notes
Turn   | Place    | Note
-------+----------+-------------------------------------------
     0 | D:1      | pokeman the Deep Elf Hedge Wizard began the quest for the
                  | Orb.
     0 | D:1      | Reached XP level 1. HP: 10/10 MP: 7/7
   357 | D:1      | Reached XP level 2. HP: 15/16 MP: 7/9
  1080 | D:1      | Reached skill level 5 in Spellcasting
  1438 | D:1      | Reached XP level 3. HP: 20/20 MP: 6/11
  1442 | D:1      | Learned a level 3 spell: Mephitic Cloud
  1445 | D:1      | Learned a level 2 spell: Call Imp
  1448 | D:1      | Learned a level 2 spell: Blink
  1452 | D:1      | Learned a level 3 spell: Conjure Flame
  2036 | D:2      | You fall into a shaft and drop 1 floor!
  2070 | D:3      | Reached skill level 1 in Fighting
  2070 | D:3      | Reached skill level 1 in Armour
  2070 | D:3      | Reached XP level 4. HP: 25/25 MP: 8/13
  2116 | D:3      | Found a faded altar of an unknown god.
  2573 | D:2      | Noticed Terence
  2582 | D:2      | Killed Terence
  2583 | D:2      | Reached skill level 6 in Spellcasting
  2583 | D:2      | Reached XP level 5. HP: 29/29 MP: 6/15
  2965 | D:3      | Reached skill level 1 in Fire Magic
  3391 | D:3      | Found a snail-covered altar of Cheibriados.
  4239 | D:4      | Reached XP level 6. HP: 28/34 MP: 11/17
  4242 | D:4      | Reached skill level 1 in Air Magic
  4412 | D:4      | Learned a level 1 spell: Apportation
  4426 | D:4      | Found Vaalirre's Assorted Antiques.
  4491 | D:4      | Reached skill level 7 in Spellcasting
  4664 | D:4      | Noticed bisexualwizard's ghost (amateur MfGl)
  4670 | D:4      | Found a transporter.
  4671 | D:4      | Noticed an ice beast
  4690 | D:4      | Killed an ice beast
  4691 | D:4      | Reached skill level 1 in Poison Magic
  4691 | D:4      | Reached skill level 1 in Evocations
  4799 | D:4      | Found a transporter.
  5051 | D:4      | Noticed an orc warrior
  5060 | D:4      | Killed an orc warrior
  5061 | D:4      | Reached XP level 7. HP: 38/38 MP: 13/20
  5141 | D:4      | Reached skill level 8 in Spellcasting
  5571 | D:5      | Entered Level 5 of the Dungeon
  5571 | D:5      | Found a staircase to the Ecumenical Temple.
  5583 | Temple   | Entered the Ecumenical Temple
  5879 | D:5      | Found Zinnimm Nomn's Antique Weapon Emporium.
  6010 | D:5      | Found Mirast's Weapon Shop.
  6023 | D:5      | Found Muqeps's Weapon Boutique.
  6281 | D:5      | Found a sacrificial altar of Ru.
  6685 | D:5      | Found Uwueso's General Store.
  6689 | D:5      | Bought a potion of curing for 33 gold pieces
  6689 | D:5      | Bought a scroll of identify for 22 gold pieces
  6689 | D:5      | Bought a scroll of magic mapping for 38 gold pieces
  6755 | D:5      | Found Ofrykawepn's Magic Scroll Shoppe.
  6764 | D:5      | Bought a scroll of teleportation for 42 gold pieces
  7168 | D:6      | Reached skill level 9 in Spellcasting
  7168 | D:6      | Reached XP level 8. HP: 44/44 MP: 16/23
  7181 | D:6      | Noticed a cyan ugly thing
  7349 | D:6      | Killed a cyan ugly thing
  7350 | D:6      | Reached skill level 5 in Conjurations
  7593 | D:6      | Reached skill level 10 in Spellcasting
  7660 | D:6      | Found a transporter.
  7832 | D:6      | Noticed Edmund
  8325 | D:6      | Killed Edmund
  8334 | D:6      | Reached XP level 9. HP: 35/48 MP: 17/25
  8481 | D:6      | Found an ancient bone altar of Kikubaaqudgha.
  8483 | D:6      | Noticed Menkaure
  8506 | D:6      | Found a basalt altar of Yredelemnul.
  8667 | D:6      | Found a transporter.
  8911 | D:7      | Reached skill level 11 in Spellcasting
  9241 | D:7      | Reached skill level 5 in Fire Magic
  9468 | D:7      | Noticed a deep elf pyromancer
  9522 | D:7      | Noticed a centaur warrior
  9654 | D:7      | Found a transporter.
  9920 | D:7      | Found a transporter.
 10068 | D:7      | Found a runed translucent gate.
 10068 | D:7      | Found a runed translucent gate.
 10068 | D:7      | Found a runed translucent gate.
 10068 | D:7      | Noticed bilbop's ghost (novice MiFi)
 10068 | D:7      | Noticed iNFECTIOUSiTCH's ghost (novice OpBe)
 10069 | D:7      | Noticed krigyl's ghost (amateur TrAr)
 10210 | D:8      | Found a white marble altar of Elyvilon.
 10497 | D:8      | Noticed a two-headed ogre
 10519 | D:8      | Killed a two-headed ogre
 10520 | D:8      | Reached skill level 12 in Spellcasting
 10794 | D:8      | Identified the +6 plate armour "Acopagya" {Drain +Inv
                  | Str+5}
 11030 | D:8      | Reached XP level 10. HP: 56/56 MP: 23/28
 11428 | D:8      | Found a glowing silver altar of Zin.
 11512 | D:9      | Slain by a yak

Illustrated notes

Levels and vault maps discovered:
D:1:      lemuel_arrival_rhombus, layout_basic
D:2:      layout_rooms, grunt_decor_resistance, uniq_terence
D:3:      layout_loops_cross, lemuel_coloured_pillars_altar,
          basic_ecumenical_altar
D:4:      layout_loops_ring, gammafunk_ghost_arena, serial_shops, shop,
          minmay_manual_mullet
D:5:      layout_layer_cave, nicolae_ru_awakened_eye,
          minmay_temple_entry_arrows, serial_shops, nicolae_shop_trees,
          nicolae_shop_crystal, shop, nicolae_shop_behind_doors,
          nicolae_shop_stone
D:6:      layout_cave_pools, gammafunk_temple_of_torment, uniq_edmund
D:7:      gammafunk_the_bubble [the_bubble_gammafunk_grid], layout_cave_pools,
          gammafunk_ghost_cemetery
D:8:      layout_loops_cross, amcnicky_altar_gilded, overflow_temple_1_default
D:9:      hangedman_cross_cluster, layout_cave_pods, st_stairs_14
Temple:   compressed_dpeg_triangle_lava_temple

Skill      XL: |  1  2  3  4  5  6  7  8  9 |
---------------+----------------------------+-----
Spellcasting   | 5 6 7 9 10 12 | 12.5
Fighting       | 1 2 3 |  3.9
Armour         | 1 3 |  3.0
Conjurations   | 2 3 4 5 7 |  7.1
Fire Magic     | 1 2 4 6 |  6.2
Dodging        | 3 |  3.0
Air Magic      | 1 |  1.0
Stealth        | 3 |  3.0
Poison Magic   | 1 |  1.3
Evocations     | 1 |  1.2
Summonings     | |  1.1
Translocations | |  1.1

Action                   |  1- 3 |  4- 6 |  7- 9 | 10-12 || total
-------------------------+-------+-------+-------+-------++-------
Melee: Dagger            |    10 |    22 |    92 |    25 ||   149
 Cast: Magic Dart        |    95 |   123 |   217 |     9 ||   444
       Conjure Flame     |     1 |     4 |    28 |     3 ||    36
       Mephitic Cloud    |       |     6 |    24 |     4 ||    34
       Blink             |       |       |     8 |     1 ||     9
       Call Imp          |       |       |    31 |     2 ||    33
Evoke: Wand              |       |       |     9 |       ||     9
 Stab: Confused          |       |     2 |     4 |     2 ||     8
Armor: Robe              |     6 |       |       |       ||     6
       Leather armour    |     1 |    13 |    38 |     3 ||    55
Dodge: Dodged            |    10 |    18 |    91 |    14 ||   133

Table legend: (Time is in decaauts)
 A = Elapsed time spent in this place.
 B = Non-inter-level travel time spent in this place.
 C = Inter-level travel time spent in this place.
 D = Time resting spent in this place.
 E = Time spent auto-exploring this place.
 F = Levels seen in this place.
 G = Mean time per level.
                   A        B        C        D        E       F      G
               +--------+--------+--------+--------+--------+-----+--------+
         Total |  11558 |  11213 |    345 |   1092 |   8575 |  10 | 1155.8 |
       Dungeon |  11271 |  10940 |    331 |   1092 |   8304 |   9 | 1252.3 |
        Temple |    286 |    272 |     14 |      0 |    271 |   1 |  286.0 |
               +--------+--------+--------+--------+--------+-----+--------+

Top non-repeatable levels by time:
     D:1: 1788 daAuts
     D:5: 1762 daAuts
     D:4: 1523 daAuts
     D:3: 1392 daAuts
     D:6: 1323 daAuts
     D:8: 1267 daAuts
     D:7: 1234 daAuts
     D:2: 910 daAuts
  Temple: 286 daAuts
     D:9: 68 daAuts
